 Dungeon Crawl Stone Soup version 0.28-a0-769-g550dbda0cd (webtiles) character file.

Game seed: 16307134444439380923

328 jasper the Covered (level 6, -3/47 HPs)
             Began as a Demonspawn Artificer on Oct 31, 2021.
             Slain by a gnoll shaman (7 damage)
             ... on level 4 of the Dungeon.
             The game lasted 00:06:59 (4513 turns).

jasper the Covered (Demonspawn Artificer)           Turns: 4513, Time: 00:07:00

Health: -3/47      AC:  6    Str: 12    XL:     6   Next: 25%
Magic:  0/6        EV: 11    Int: 13    God:
Gold:   131        SH:  0    Dex: 19    Spells: 5/5 levels left

rFire   . . .      SeeInvis .   t - +0 spear (vamp)
rCold   . . .      Faith    .   (no shield)
rNeg    . . .      Spirit   +   h - +1 ring mail
rPois   .          Reflect  .   (helmet restricted)
rElec   .          Harm     .   (no cloak)
rCorr   .          Rampage  .   (no gloves)
Will    .....                   (no boots)
Stlth   ++........              n - amulet of guardian spirit
HPRegen 0.15/turn               (no ring)
MPRegen 0.10/turn               (no ring)

@: lit by a corona, glowing
A: antennae 1, thin skeletal structure 2
a: no special abilities


You were on level 4 of the Dungeon.
You visited 1 branch of the dungeon, and saw 4 of its levels.

You collected 131 gold pieces.

Inventory:

Hand Weapons
 a - a +0 club
 g - a +0 hunting sling
 k - a +0 shortbow
 l - a +0 halberd
 m - a +0 whip
 s - a +0 dagger of flaming
 t - a +0 vampiric spear (weapon)
Missiles
 c - a boomerang (quivered)
 f - 20 poisoned darts
 j - 42 sling bullets
 q - 26 stones
Armour
 b - a +0 leather armour
 h - a +1 ring mail (worn)
Jewellery
 n - an amulet of guardian spirit (around neck)
 r - a ring of fire
Wands
 d - a wand of charming (10)
Miscellaneous
 e - a piece from Xom's chessboard (15/15)


   Skills:
 + Level 3.1 Fighting
 * Level 2.6 Polearms
 + Level 3.3 Armour
 + Level 2.9 Dodging
 - Level 0.8 Stealth
 - Level 3.0 Evocations


You had 5 spell levels left.
You didn't know any spells.
Your spell library contained the following spells:

 Spells                   Type           Power      Damage    Failure   Level
 Animate Skeleton         Necr           0%         N/A       54%         1
 Pain                     Necr           0%         1d4       54%         1
 Ensorcelled Hibernation  Hex/Ice        0%         N/A       69%         2
 Passwall                 Tmut/Erth      0%         N/A       69%         2
 Swiftness                Air            0%         N/A       89%         3
 Tukima's Dance           Hex            0%         N/A       89%         3
 Vampiric Draining        Necr           0%         2d6       89%         3
 Invisibility             Hex            0%         N/A       100%        6


Dungeon Overview and Level Annotations

Branches:
Dungeon (4/15)
 Temple: D:4-7

Altars:
Cheibriados
Sif Muna


Innate Abilities, Weirdness & Mutations

You have a pair of small antennae on your head.
You have a moderately thin skeletal structure. (Dex +4, Stealth++)


Message History

The iguana bites you but does no damage.
The gnoll shaman hits you with a +0 whip.
You take 2 damage, and have 30/47 hp.
You closely miss the iguana.
The iguana is heavily wounded.
The iguana hisses menacingly.
The iguana barely misses you.
The gnoll shaman calls down the wrath of its god upon you.
You are outlined in light.
The gnoll shouts!
You closely miss the iguana.
The iguana is heavily wounded.
The iguana barely misses you.
The gnoll shaman hits you with a +0 whip.
You take 2 damage, and have 28/47 hp.
You now have 2/6 mp.
You hit the iguana but do no damage.
The iguana is heavily wounded.
The iguana bites you. The gnoll shaman barely misses you.
You take 5 damage, and have 23/47 hp.
You hit the iguana but do no damage.
The iguana is heavily wounded.
The iguana bites you! The gnoll barely misses you.
The gnoll shaman hits you but does no damage.
You take 8 damage, and have 15/47 hp.
You feel better.
The iguana bites you but does no damage.
The gnoll closely misses you.
The gnoll shaman hits you with a +0 whip!
* * * LOW HITPOINT WARNING * * *
You take 1 damage, and have 14/47 hp.
You aren't carrying any scrolls.
Aiming: Charm
Press: ? - help, Shift-Dir - straight line, f - gnoll shaman
Aim: a gnoll shaman, wielding a +0 whip and wearing a +0 robe (chance to affect: 54%)
The gnoll shaman resists with significant effort.
The iguana bites you!
* * * LOW HITPOINT WARNING * * *
The gnoll closely misses you.
The gnoll shaman hits you with a +0 whip!
You die...

#.. #.# #.# #.#
#.# #.# #l# #@#
########g#
#......gg###
#.##...........
#.##.#######^##
#.##.# #.##.#
#.##.# #.##.#


You could see a gnoll shaman, an iguana and 2 gnolls.

Vanquished Creatures
  An iron imp (D:3)
  An orc priest (D:3)
  Natasha (thrice) (D:2)
  An orc wizard (D:3)
  Robin (D:2)
  5 adders
  3 gnolls (D:3)
  An adder skeleton (D:4)
  4 dart slugs
  6 orcs (D:3)
  4 endoplasms
  3 giant cockroaches
  4 hobgoblins
  3 kobolds
  3 quokkas (D:1)
  5 ball pythons
  6 bats
  5 frilled lizards
  13 goblins
  3 rats
75 creatures vanquished.

Vanquished Creatures (others)
  An adder (D:2)
  An orc (D:3)
2 creatures vanquished.

Grand Total: 77 creatures vanquished

Notes
Turn   | Place    | Note
-------+----------+-------------------------------------------
     0 | D:1      | jasper the Demonspawn Artificer began the quest for the
                  | Orb.
     0 | D:1      | Reached XP level 1. HP: 15/15 MP: 1/1
    50 | D:1      | Reached skill level 1 in Dodging
   434 | D:1      | Gained mutation: You have a pair of small antennae on your
                  | head. [demonic ancestry]
   434 | D:1      | Reached XP level 2. HP: 18/21 MP: 2/2
   977 | D:1      | Found a faded altar of an unknown god.
  1412 | D:2      | Gained mutation: You have a somewhat thin skeletal
                  | structure. (Dex +2, Stealth+) [demonic ancestry]
  1412 | D:2      | Reached XP level 3. HP: 24/27 MP: 1/3
  1790 | D:2      | Noticed Robin
  1798 | D:2      | Killed Robin
  1799 | D:2      | Gained mutation: You have a moderately thin skeletal
                  | structure. (Dex +4, Stealth++) [demonic ancestry]
  1799 | D:2      | Reached XP level 4. HP: 32/33 MP: 4/4
  2316 | D:2      | Noticed Natasha
  2326 | D:2      | Killed Natasha
  2327 | D:2      | Reached skill level 1 in Polearms
  2446 | D:2      | Noticed Natasha
  2464 | D:2      | Killed Natasha
  2465 | D:2      | Reached XP level 5. HP: 27/39 MP: 2/5
  3052 | D:3      | Found a shimmering blue altar of Sif Muna.
  3114 | D:3      | Found a snail-covered altar of Cheibriados.
  3416 | D:3      | HP: 1/40 [gnoll (6)]
  3487 | D:2      | Noticed Natasha
  3847 | D:2      | Killed Natasha
  3952 | D:3      | Reached XP level 6. HP: 47/47 MP: 6/6
  4347 | D:4      | Noticed a water moccasin
  4513 | D:4      | Slain by a gnoll shaman

Illustrated notes

Levels and vault maps discovered:
D:1:      dpeg_arrival_rhombus, layout_loops_corners,
          shapermc_ecumenical_altar_notcrosses
D:2:      layout_basic, kennysheep_path_1, lemuel_another_geyser, uniq_robin,
          uniq_natasha
D:3:      layout_rooms, slow_altar_1, nicolae_overflow_crystal_walls
D:4:      layout_loops_ring

Skill      XL: |  1  2  3  4  5 |
---------------+----------------+-----
Dodging        | 1 2 |  2.9
Armour         | 2 3 |  3.3
Fighting       | 2 3 |  3.1
Polearms       | 1 2 |  2.6
Stealth        | |  0.8
Evocations     | |  3.0

Action                   |  1- 3 |  4- 6 || total
-------------------------+-------+-------++-------
Melee: Club              |    51 |       ||    51
       Whip              |    31 |    17 ||    48
       Spear             |       |   202 ||   202
 Fire: Hunting sling     |    17 |     6 ||    23
Throw: Boomerang         |       |    34 ||    34
Evoke: Wand              |    14 |     6 ||    20
  Use: Scroll            |     3 |     6 ||     9
       Potion            |       |     3 ||     3
 Stab: Sleeping          |       |     2 ||     2
Armor: Ring mail         |    63 |    47 ||   110
       Leather armour    |     3 |       ||     3
Dodge: Dodged            |    85 |   106 ||   191

Table legend: (Time is in decaauts)
 A = Elapsed time spent in this place.
 B = Non-inter-level travel time spent in this place.
 C = Inter-level travel time spent in this place.
 D = Time resting spent in this place.
 E = Time spent auto-exploring this place.
 F = Levels seen in this place.
 G = Mean time per level.
                   A        B        C        D        E       F      G
               +--------+--------+--------+--------+--------+-----+--------+
         Total |   4573 |   4398 |    175 |   1094 |   2347 |   4 | 1143.2 |
       Dungeon |   4573 |   4398 |    175 |   1094 |   2347 |   4 | 1143.2 |
               +--------+--------+--------+--------+--------+-----+--------+

Top non-repeatable levels by time:
     D:2: 2011 daAuts
     D:1: 1387 daAuts
     D:3: 953 daAuts
     D:4: 220 daAuts
